 Dungeon Crawl Stone Soup version 0.29-a0-284-gf9362112df (webtiles) character file.

Game seed: 3528924923068043769

56 epen the Archer (level 3, -4/31 HPs)
             Began as a Gnoll Hunter on Mar 14, 2022.
             Killed by nerve-wracking pain
             ... invoked by an orc priest
              (14 damage)
             ... on level 3 of the Dungeon.
             The game lasted 00:01:34 (1226 turns).

epen the Archer (Gnoll Hunter)                      Turns: 1226, Time: 00:01:35

Health: -4/31      AC:  3    Str: 10    XL:     3   Next: 97%
Magic:  4/4        EV: 13    Int:  8    God:
Gold:   70         SH:  0    Dex: 17    Spells: 4/4 levels left

rFire   . . .      SeeInvis .   a - +1 shortbow
rCold   . . .      Faith    .   (shield currently unavailable)
rNeg    . . .      Spirit   .   b - +0 leather armour
rPois   .          Reflect  .   (no helmet)
rElec   .          Harm     .   (no cloak)
rCorr   .          Rampage  .   (no gloves)
Will    .....                   (no boots)
Stlth   ++........              (no amulet)
HPRegen 0.10/turn               (no ring)
MPRegen 0.09/turn               (no ring)

@: no status effects
A: fangs 1, strong nose, distributed training
a: no special abilities


You were on level 3 of the Dungeon.
You visited 1 branch of the dungeon, and saw 3 of its levels.

You collected 70 gold pieces.

Inventory:

Hand Weapons
 a - a +1 shortbow (weapon)
Armour
 b - a +0 leather armour (worn)
 k - a +0 pair of boots
 m - the +1 leather armour "Muam" {rC- Regen+ Str-2 Stlth+}
   (You found it on level 2 of the Dungeon)

   Str:       It affects your strength (-2).
   rC:        It makes you vulnerable to cold.
   Regen:     It increases your rate of health regeneration.
   Stlth:     It makes you more stealthy.
Jewellery
 i - a ring of see invisible
Scrolls
 c - a scroll of immolation
 d - a scroll of fog {unknown}
 e - 3 scrolls of teleportation {unknown}
 j - 2 scrolls of identify {unknown}
 l - a scroll of fear {unknown}
Potions
 f - 2 potions of brilliance {unknown}
 g - a potion of curing {unknown}
 h - 3 potions of attraction {unknown}


   Skills:
 + Level 4.6 Fighting
 + Level 1.0 Short Blades
 + Level 1.0 Long Blades
 + Level 1.0 Axes
 + Level 1.0 Maces & Flails
 + Level 1.0 Polearms
 + Level 1.0 Staves
 + Level 1.0 Slings
 + Level 8.5 Bows
 + Level 1.0 Crossbows
 + Level 1.0 Throwing
 + Level 1.0 Armour
 + Level 4.6 Dodging
 + Level 2.5 Stealth
 + Level 1.0 Shields
 + Level 1.0 Unarmed Combat
 + Level 1.0 Spellcasting
 + Level 0.7 Conjurations
 + Level 0.7 Hexes
 + Level 0.7 Summonings
 + Level 0.7 Necromancy
 + Level 0.7 Translocations
 + Level 0.7 Transmutations
 + Level 0.7 Fire Magic
 + Level 0.7 Ice Magic
 + Level 0.7 Air Magic
 + Level 0.7 Earth Magic
 + Level 0.7 Poison Magic
 + Level 1.1 Invocations
 + Level 1.0 Evocations


You had 4 spell levels left.
You didn't know any spells.
Your spell library contained the following spells:

 Spells                   Type           Power      Damage    Failure   Level
 Slow                     Hex            4%         N/A       36%         1
 Blink                    Tloc           2%         N/A       52%         2
 Confusing Touch          Hex            1%         N/A       75%         3
 Vampiric Draining        Necr           1%         2d6       75%         3
 Manifold Assault         Tloc           1%         N/A       100%        5
 Storm Form               Tmut/Air       0%         N/A       100%        7


Dungeon Overview and Level Annotations

Branches:
Dungeon (3/15)

Altars:


Innate Abilities, Weirdness & Mutations

You have very sharp teeth.
Your uncanny sense of smell can sniff out nearby items.
Your experience applies equally to all skills.


Message History

You see here the +1 leather armour "Muam" {rC- Regen+ Str-2 Stlth+}.
You see here the +1 leather armour "Muam" {rC- Regen+ Str-2 Stlth+}.
A goblin comes into view. It is wielding a +0 club.
A goblin is nearby!
You shoot an arrow. The arrow hits the goblin!
You kill the goblin!
No target in view!
Press: ? - help, . - travel You can't see that place. [the floor.]
You see here the +1 leather armour "Muam" {rC- Regen+ Str-2 Stlth+}.
m - the +1 leather armour "Muam" {rC- Regen+ Str-2 Stlth+}
Found a fading whip.
Found a stone staircase leading down.
There is a stone staircase leading up here.
Done exploring.
There is a stone staircase leading up here.
You see here the +1 whip of Iconoclasm {vorpal, Drain rC+ Int+6 Dex-2}.
There is a stone staircase leading down here.
You climb downwards.
There is a stone staircase leading up here.
There are monsters nearby!
You shoot an arrow. The arrow barely misses the orc priest.
The orc priest looks encouraged for a moment.
You shoot an arrow. The arrow hits the orc priest.
The orc priest is lightly wounded.
The orc priest hits you with a +0 short sword.
You shoot an arrow. The arrow hits the orc priest!
The orc priest is almost dead.
The orc priest invokes the aid of Beogh against you.
Beogh smites you!
You are too injured to fight recklessly!
You are too injured to fight recklessly!
Shoot: a) +1 shortbow
Press: ? - help, Shift-Dir - straight line, f/p - orc priest
Aim: an orc priest, wielding a +0 short sword (almost dead, 67% to hit)
You shoot an arrow.
The arrow closely misses the orc priest.
The orc priest mumbles some strange prayers to Beogh against you.
Pain shoots through your body!
You die...

.# #.###.### ##
#.......# .#
#.###.#.# #.#
#.##....# #.#
#.##....###.#
#.......>##.######
#.................
##...........o.##.#
...)...#<...o@....#
.##................#
#..#.##...........#
#.$#. #..?..).......
#. ...............##
.# ##$#.##.....##
#.#.......## ∆
..######.##


You could see an orc priest and an orc.

Vanquished Creatures
  An adder (D:3)
  A worm (D:2)
  A dart slug (D:3)
  An orc (D:3)
  5 bats
  3 endoplasms (D:1)
  2 giant cockroaches (D:1)
  7 goblins
  2 hobgoblins (D:1)
  3 quokkas (D:1)
  4 ball pythons
  2 frilled lizards (D:1)
  5 kobolds (D:1)
  3 rats (D:1)
40 creatures vanquished.

Notes
Turn   | Place    | Note
-------+----------+-------------------------------------------
     0 | D:1      | epen the Gnoll Hunter began the quest for the Orb.
     0 | D:1      | Reached XP level 1. HP: 20/20 MP: 1/1
    72 | D:1      | Reached XP level 2. HP: 26/26 MP: 2/2
   510 | D:1      | Reached XP level 3. HP: 31/31 MP: 3/3
   565 | D:1      | Found a faded altar of an unknown god.
   804 | D:2      | Reached skill level 1 in Invocations
   862 | D:2      | You fall into a shaft and drop 1 floor!
   874 | D:3      | Reached skill level 1 in Short Blades
   874 | D:3      | Reached skill level 1 in Long Blades
   874 | D:3      | Reached skill level 1 in Axes
   874 | D:3      | Reached skill level 1 in Maces & Flails
   874 | D:3      | Reached skill level 1 in Polearms
   874 | D:3      | Reached skill level 1 in Staves
   874 | D:3      | Reached skill level 1 in Slings
   874 | D:3      | Reached skill level 1 in Crossbows
   874 | D:3      | Reached skill level 1 in Throwing
   874 | D:3      | Reached skill level 1 in Armour
   874 | D:3      | Reached skill level 1 in Shields
   874 | D:3      | Reached skill level 1 in Unarmed Combat
   874 | D:3      | Reached skill level 1 in Spellcasting
   874 | D:3      | Reached skill level 1 in Evocations
  1033 | D:2      | Identified the +1 leather armour "Muam" {rC- Regen+ Str-2
                  | Stlth+}
  1216 | D:2      | Identified the +1 whip of Iconoclasm {vorpal, Drain rC+
                  | Int+6 Dex-2}
  1226 | D:3      | Killed from afar by an orc priest

Illustrated notes

Levels and vault maps discovered:
D:1:      saegor_arrival_simple_a, layout_loops_ring,
          hellmonk_ecumenical_altar_prayer_group, minmay_hedge_maze
D:2:      layout_rooms
D:3:      layout_loops_cross

Skill      XL: |  1  2  3 |
---------------+----------+-----
Invocations    | 1 |  1.1
Short Blades   | 1 |  1.0
Long Blades    | 1 |  1.0
Axes           | 1 |  1.0
Maces & Flails | 1 |  1.0
Polearms       | 1 |  1.0
Staves         | 1 |  1.0
Slings         | 1 |  1.0
Crossbows      | 1 |  1.0
Throwing       | 1 |  1.0
Armour         | 1 |  1.0
Shields        | 1 |  1.0
Unarmed Combat | 1 |  1.0
Spellcasting   | 1 |  1.0
Evocations     | 1 |  1.0
Fighting       | |  4.6
Bows           | |  8.5
Dodging        | |  4.6
Stealth        | |  2.5
Conjurations   | |  0.7
Hexes          | |  0.7
Summonings     | |  0.7
Necromancy     | |  0.7
Translocations | |  0.7
Transmutations | |  0.7
Fire Magic     | |  0.7
Ice Magic      | |  0.7
Air Magic      | |  0.7
Earth Magic    | |  0.7
Poison Magic   | |  0.7

Action                   || total
-------------------------++-------
 Fire: Shortbow          ||    80
Armor: Leather armour    ||     3
Dodge: Dodged            ||    14

Table legend: (Time is in decaauts)
 A = Elapsed time spent in this place.
 B = Non-inter-level travel time spent in this place.
 C = Inter-level travel time spent in this place.
 D = Time resting spent in this place.
 E = Time spent auto-exploring this place.
 F = Levels seen in this place.
 G = Mean time per level.
                   A        B        C        D        E       F      G
               +--------+--------+--------+--------+--------+-----+--------+
         Total |   1236 |   1176 |     60 |      0 |    982 |   3 |  412.0 |
       Dungeon |   1236 |   1176 |     60 |      0 |    982 |   3 |  412.0 |
               +--------+--------+--------+--------+--------+-----+--------+

Top non-repeatable levels by time:
     D:1: 651 daAuts
     D:2: 516 daAuts
     D:3: 67 daAuts
